 Dungeon Crawl Stone Soup version 0.30.0-3-ga4e48a9924 (webtiles) character file.

Game seed: 8956467875182963149

33 Demosthentine the Ducker (level 3, -2/28 HPs)
             Began as a Demonspawn Gladiator on May 8, 2023.
             Constricted to death by Jessica (4 damage)
             ... on level 2 of the Dungeon.
             The game lasted 00:01:10 (728 turns).

Demosthentine the Ducker (Demonspawn Gladiator)      Turns: 728, Time: 00:01:12

Health: -2/28      AC:  3    Str: 16    XL:     3   Next: 12%
Magic:  3/3        EV:  9    Int:  9    God:
Gold:   44         SH:  0    Dex: 14    Spells: 2/2 levels left

rFire   . . .        a - +0 trident
rCold   + . .        (no shield)
rNeg    . . .        b - +0 leather armour
rPois   .            (helmet restricted)
rElec   .            (no cloak)
rCorr   .            (no gloves)
SInv    .            (no boots)
Will    .....        (no amulet)
Stlth   +            k - ring of flight
HPRegen 0.24/turn    i - ring of protection from cold
MPRegen 0.08/turn

%: no passive effects
@: grasped by roots, flying, constricted
A: antennae 1
a: no special abilities


You were on level 2 of the Dungeon.
You visited 1 branch of the dungeon, and saw 2 of its levels.

You collected 67 gold pieces.
You spent 23 gold pieces at shops.

Inventory:

Hand Weapons
 a - a +0 trident (weapon)
Missiles
 d - 3 throwing nets (quivered)
 e - a javelin
 j - 3 poisoned darts
Armour
 b - a +0 leather armour (worn)
Jewellery
 i - a ring of protection from cold (right hand)
 k - a ring of flight (left hand)
Scrolls
 f - a scroll of fog {unknown}
Potions
 c - a potion of heal wounds


   Skills:
 + Level 2.4 Fighting
 + Level 3.0 Polearms
 - Level 1.7 Throwing
 + Level 1.1 Armour
 + Level 3.0 Dodging


You had 2 spell levels left.
You didn't know any spells.
Your spell library contained the following spells:

 Spells                   Type           Power      Damage    Failure   Level
 Poisonous Vapours        Pois/Air       0%         N/A       58%         2
 Mephitic Cloud           Conj/Pois/Air  0%         N/A       83%         3
 Freezing Cloud           Conj/Ice/Air   0%         6-21      100%        5


Dungeon Overview and Level Annotations

Branches:
Dungeon (2/15)

Altars:

Shops:
D:1 *

Annotations:
D:2 Jessica


Innate Abilities, Weirdness & Mutations

You have a pair of small antennae on your head.


Message History

A hobgoblin is nearby!
You puncture the hobgoblin!
You kill the hobgoblin!
Jessica the Apprentice Sorceress comes into view.
She is wielding a +0 dagger and carrying a wand of roots (12).
Jessica is nearby!
Jessica is nearby!
Jessica shouts!
Jessica gestures wildly while chanting.
Jessica blinks!
Jessica gestures wildly while chanting.
Jessica seems to speed up.
Jessica is nearby!
Jessica points at you and mumbles some strange words.
Pain shoots through your body!
Jessica is nearby!
You closely miss Jessica.
Jessica zaps a wand.
The roots erupt in riotous growth!
The grasping roots grab you!
Jessica is unaffected.
The grasping roots constrict you. Jessica closely misses you.
The grasping roots constrict you.
You hit Jessica.
Jessica is severely wounded.
Jessica hits you but does no damage. The grasping roots constrict you.
The grasping roots release their grip on you.
You barely miss Jessica.
Jessica is severely wounded.
Jessica zaps a wand.
The roots erupt in riotous growth!
The grasping roots grab you!
Jessica is unaffected.
The grasping roots constrict you.
Jessica grins evilly.
Jessica hits you with a +0 dagger. The grasping roots constrict you.
You are too injured to fight recklessly!
You closely miss Jessica.
Jessica is severely wounded.
Jessica closely misses you. The grasping roots constrict you.
* * * LOW HITPOINT WARNING * * *
Jessica hits you with a +0 dagger.
* * * LOW HITPOINT WARNING * * *
The grasping roots constrict you.
You die...

..............##.##
....###.######.#.##
.... #...........##
#.# ######.......#
#.###### ##.##.#...
.#######......###...#
..
..........###.##[###<#
. #######...###....#
... #....@..####.# ###
#.....@........
#.......########
###...### #...# #####


You could see Jessica (fast).

Vanquished Creatures
  3 bats (D:1)
  3 endoplasms
  2 goblins (D:1)
  6 hobgoblins
  6 kobolds (D:1)
  A quokka (D:2)
  2 ball pythons
  A frilled lizard (D:1)
  5 rats (D:1)
29 creatures vanquished.

Notes
Turn   | Place    | Note
-------+----------+-------------------------------------------
     0 | D:1      | Demosthentine the Demonspawn Gladiator began the quest for
                  | the Orb.
     0 | D:1      | Reached XP level 1. HP: 16/16 MP: 1/1
    67 | D:1      | Found a faded altar of an unknown god.
    90 | D:1      | Gained mutation: You have a pair of small antennae on your
                  | head. [demonic ancestry]
    90 | D:1      | Reached XP level 2. HP: 22/22 MP: 2/2
   129 | D:1      | Found Bimeq's Assorted Antiques.
   606 | D:1      | Bought a scroll labelled KASODYFF PULOF for 23 gold pieces
   647 | D:2      | Reached skill level 1 in Armour
   663 | D:2      | Reached XP level 3. HP: 26/28 MP: 3/3
   719 | D:2      | Noticed Jessica
   728 | D:2      | Constricted to death by Jessica

Illustrated notes

Levels and vault maps discovered:
D:1:      heliophobic_arrival_ceremonial_halls, layout_rooms,
          chequers_ecumenical_altar_simple, serial_shops,
          nicolae_shop_behind_doors
D:2:      layout_loops_ring, uniq_jessica

Skill      XL: |  1  2 |
---------------+-------+-----
Dodging        | 3 |  3.0
Polearms       | 3 |  3.0
Armour         | 1 |  1.1
Fighting       | |  2.4
Throwing       | |  1.7

Action                     || total
---------------------------++-------
  Melee: Trident           ||    76
         Punch             ||     3
    Use: Scroll            ||     4
   Stab: Sleeping          ||     1
 Armour: Leather armour    ||    17
  Dodge: Dodged            ||    24
